 Dungeon Crawl Stone Soup version 0.24.0-13-gcf9b3192b9 (webtiles) character file.

Game seed: 12314812819307157329, levelgen mode: deterministic

5875 EmberCloud the Cleaver (level 10, -1/90 HPs)
             Began as a Minotaur Fighter on Nov 8, 2019.
             Was a High Priest of Okawaru.
             Slain by a four-headed hydra (8 damage)
             ... on level 8 of the Dungeon.
             The game lasted 00:36:22 (5632 turns).

EmberCloud the Cleaver (Minotaur Fighter)           Turns: 5632, Time: 00:36:23

Health: -1/90      AC:  6    Str: 21    XL:     10   Next: 52%
Magic:  7/9        EV: 11    Int:  5    God:    Okawaru [*****.]
Gold:   366        SH: 11    Dex: 10    Spells: 9/9 levels left

rFire    x . .     SeeInvis +   a - +0 war axe
rCold    + . .     Gourm    .   c - +0 shield
rNeg     . . .     Faith    .   L - +1 leather armour of a sewer {+Blink rPois MR++ Str-3}
rPois    +         Spirit   .   v - +0 hat
rElec    .         Reflect  .   J - scarf {repulsion}
rCorr    .         Harm     .   (no gloves)
MR       ++...                  P - +0 pair of boots
Stlth    +.........             (no amulet)
HPRegen  0.25/turn              y - ring of ice
MPRegen  0.11/turn              A - ring of see invisible

@: repel missiles, very slow
A: retaliatory headbutt, horns 2
a: Heroism, Finesse, Renounce Religion, Evoke Blink


You were on level 8 of the Dungeon.
You worshipped Okawaru.
Okawaru was extremely pleased with you.
You were not hungry.

You visited 2 branches of the dungeon, and saw 9 of its levels.
You also visited: Ossuary.

You collected 546 gold pieces.
You spent 180 gold pieces at shops.

Inventory:

Hand Weapons
 a - a +0 war axe (weapon)
 x - a +6 dagger of freezing
 H - a +1 battleaxe of distortion
Missiles
 n - 2 atropa-tipped darts
 r - 22 poisoned darts (quivered)
Armour
 b - a +0 scale mail
 c - a +0 shield (worn)
 u - a +2 chain mail of poison resistance
 v - a +0 hat (worn)
 w - the +0 leather armour "Matzil" {rN+}
   (You found it on level 4 of the Dungeon)

   It protects you from negative energy.
 z - a +2 robe of positive energy
 D - a +0 troll leather armour
 J - a scarf of repulsion (worn)
 L - the +1 leather armour of a sewer (worn) {+Blink rPois MR++ Str-3}
   (You found it on level 7 of the Dungeon)

   It affects your strength (-3).
   It protects you from poison.
   It affects your resistance to hostile enchantments.
   It lets you blink.
 N - a +2 plate armour of magic resistance
 P - a +0 pair of boots (worn)
Jewellery
 y - a ring of ice (left hand)
 A - a ring of see invisible (right hand)
Wands
 g - a wand of random effects (13)
 M - a wand of acid (13)
Scrolls
 h - 4 scrolls of magic mapping
 i - 2 scrolls of fog
 j - 6 scrolls of remove curse
 o - a scroll of blinking {unknown}
 s - 5 scrolls of teleportation
 t - 5 scrolls of amnesia
 B - 2 scrolls of enchant weapon {unknown}
 C - a scroll of fear {unknown}
 I - 2 scrolls of identify
 K - a scroll of enchant armour {unknown}
 Q - a scroll of vulnerability {unknown}
 R - a scroll of immolation {unknown}
Potions
 d - 4 potions of might
 e - 7 potions of curing
 k - 3 potions of heal wounds
 l - 3 potions of lignification
 m - 2 potions of resistance {unknown}
 p - 4 potions of mutation
 q - 4 potions of brilliance
 E - 4 potions of degeneration
 F - a potion of berserk rage {unknown}
 G - a potion of ambrosia {unknown}
 O - 3 potions of magic {unknown}
 S - 2 potions of flight {unknown}
 T - a potion of agility {unknown}
Comestibles
 f - 18 rations
 U - a chunk of flesh


   Skills:
 + Level 8.6 Fighting
 + Level 12.5 Axes
 + Level 1.2 Throwing
 + Level 7.8 Armour
 + Level 3.3 Dodging
 + Level 0.3 Stealth
 + Level 9.2 Shields
 - Level 0.1 Invocations


You had 9 spell levels left.
You didn't know any spells.
Your spell library contained the following spells:

 Spells                   Type           Power        Failure   Level  Hunger
 Corona                   Hex            #......      78%         1    ##.....
 Ensorcelled Hibernation  Hex/Ice        #.....       89%         2    ###....
 Confuse                  Hex            #.......     98%         3    ####...
 Dazzling Spray           Conj/Hex       #.....       98%         3    ####...
 Tukima's Dance           Hex            #.......     98%         3    ####...


Dungeon Overview and Level Annotations

Branches:
Dungeon (8/15)             Temple (1/1) D:4         Ossuary (visited)
   Lair: D:8-11

Altars:
Ashenzari
Cheibriados
Elyvilon
Fedhas
Hepliaklqana
Makhleb
Nemelex Xobeh
Okawaru
Qazlal
Sif Muna
Trog
Vehumet
Yredelemnul
Zin

Shops:
D:5 =


Innate Abilities, Weirdness & Mutations

You reflexively headbutt those who attack you in melee.
You have a pair of horns on your head.


Message History

The four-headed hydra is lightly wounded.
You block the four-headed hydra's attack.
The four-headed hydra bites you!
* * * LOW HITPOINT WARNING * * *
The four-headed hydra bites you!
* * * LOW HITPOINT WARNING * * *
The four-headed hydra bites you!
* * * LOW HITPOINT WARNING * * *
You blink.
You feel slightly more hungry.
There is an open gate here.
You blink.
Splash!
You fall into the shallow water.
Moving in this stuff is going to be slow.
You feel slightly more hungry.
You block the four-headed hydra's attack.
The four-headed hydra bites you.
* * * LOW HITPOINT WARNING * * *
The four-headed hydra bites you!
You die...

.....................##..###
..........##########....##
...#......#..#.....#.>...#
.........##..'....≈#...###
#.#.#####.#..'..P.†#...##
#.#..# ##.#..'....÷)(...#
#....###..#..#.K..)#.....#
.....##..##'##PDP.≈#...###
#....##..##%.#≈≈@≈P#...#
#..##.#...#.)+.P≈PP#.###
......##..############
.....................#
...#..÷..†)....#....##
...#...........# #.##
...............# .#
##..............#
..............###


You could see a four-headed hydra and a big kobold.

Vanquished Creatures
  Harold (D:7)
  Pikel (D:5)
  A troll (D:6)
  2 dream sheep (D:8)
  A hippogriff (D:7)
  Sigmund (D:4)
  2 yaks (D:8)
  A wyvern (D:8)
  Eustachio (D:5)
  The ghost of Hyawatha the Skirmisher, an amateur DsAK of Lugonu (D:6)
  Menkaure (D:5)
  A water moccasin (D:7)
  Duvessa (D:7)
  An orc warrior (D:8)
  A phantom (D:7)
  2 sky beasts
  A black bear (D:7)
  A hornet zombie (D:6)
  An ice beast (D:7)
  An ogre (D:8)
  Blork the orc (D:6)
  4 big kobolds
  3 bullfrogs
  A jelly (D:7)
  2 scorpions
  Dowan (D:7)
  A water moccasin skeleton (D:8)
  A howler monkey (D:7)
  A crimson imp (D:5)
  A quasit (D:8)
  A centaur zombie (D:8)
  6 hounds
  7 orc wizards
  A centaur skeleton (D:8)
  7 orc priests
  A bullfrog skeleton (D:7)
  2 worker ants
  An iguana (D:8)
  A killer bee zombie (D:7)
  A big kobold zombie (Ossuary)
  2 hound zombies
  2 hound skeletons
  8 mummies (Ossuary)
  A howler monkey zombie (D:6)
  Robin (D:4)
  6 gnolls
  8 adders
  A shadow imp (D:6)
  An ooze (D:5)
  2 worms
  4 dart slugs
  6 leopard geckos
  20 orcs
  6 giant cockroaches
  A gnoll zombie (Ossuary)
  8 hobgoblins
  9 jackals
  10 kobolds
  6 quokkas
  4 ball pythons
  A ball python skeleton (D:4)
  7 bats
  3 frilled lizards
  20 goblins
  3 hobgoblin zombies (Ossuary)
  A jackal skeleton (D:4)
  A kobold zombie (Ossuary)
  A leopard gecko skeleton (D:8)
  2 orc zombies (Ossuary)
  A quokka skeleton (D:8)
  7 rats
  A fungus (D:6)
221 creatures vanquished.

Vanquished Creatures (others)
  A slave (D:5)
  An adder skeleton (D:5)
  5 toadstools (D:1)
7 creatures vanquished.

Grand Total: 228 creatures vanquished

Notes
Turn   | Place    | Note
-------+----------+-------------------------------------------
     0 | D:1      | EmberCloud the Minotaur Fighter began the quest for the
                  | Orb.
     0 | D:1      | Reached XP level 1. HP: 19/19 MP: 0/0
   161 | D:1      | Reached XP level 2. HP: 21/27 MP: 1/1
   492 | D:2      | Reached skill level 3 in Axes
   516 | D:2      | Reached XP level 3. HP: 28/33 MP: 2/2
   664 | D:2      | Found a sparkling altar of Nemelex Xobeh.
   664 | D:2      | Found a glowing silver altar of Zin.
   896 | D:2      | Found a faded altar of an unknown god.
  1286 | D:3      | Reached XP level 4. HP: 40/40 MP: 3/3
  1349 | D:3      | Found a stormy altar of Qazlal.
  1431 | D:3      | Found a bloodstained altar of Trog.
  1465 | D:3      | Found a burning altar of Makhleb.
  1489 | D:3      | Found a radiant altar of Vehumet.
  1576 | D:3      | Reached skill level 4 in Axes
  1757 | D:3      | Found a shimmering blue altar of Sif Muna.
  1915 | D:3      | Reached skill level 1 in Dodging
  1917 | D:3      | Reached XP level 5. HP: 44/46 MP: 4/4
  2074 | D:4      | Got a heavily runed leather armour
  2077 | D:4      | Noticed Robin
  2088 | D:4      | Killed Robin
  2089 | D:4      | Reached skill level 5 in Shields
  2114 | D:4      | Identified the +0 leather armour "Matzil" {rN+} (You found
                  | it on level 4 of the Dungeon)
  2142 | D:4      | Found a staircase to the Ecumenical Temple.
  2158 | Temple   | Entered the Ecumenical Temple
  2243 | Temple   | Became a worshipper of Warmaster Okawaru
  2353 | D:4      | Reached skill level 5 in Axes
  2353 | D:4      | Reached XP level 6. HP: 16/53 MP: 5/5
  2423 | D:4      | Noticed Sigmund
  2430 | D:4      | Killed Sigmund
  2430 | D:4      | Reached skill level 5 in Armour
  2786 | D:5      | Entered Level 5 of the Dungeon
  2788 | D:5      | Noticed a slave
  2789 | D:5      | Noticed a slave
  2790 | D:5      | Noticed a slave
  2790 | D:5      | Noticed a slave
  2791 | D:5      | Noticed Pikel
  2813 | D:5      | Killed Pikel
  2813 | D:5      | Reached * piety under Okawaru
  2813 | D:5      | Reached ** piety under Okawaru
  2813 | D:5      | Reached skill level 5 in Fighting
  2813 | D:5      | Reached skill level 7 in Axes
  2813 | D:5      | Reached XP level 7. HP: 37/61 MP: 6/6
  2823 | D:5      | Found Tyecofasch's Jewellery Shop.
  2841 | D:5      | Bought an uncursed ring of see invisible for 180 gold
                  | pieces
  2903 | D:5      | Noticed Menkaure
  2911 | D:5      | Killed Menkaure
  2911 | D:5      | Reached *** piety under Okawaru
  2911 | D:5      | Reached XP level 8. HP: 23/69 MP: 7/7
  3038 | D:5      | Reached skill level 8 in Axes
  3042 | D:5      | Noticed Eustachio
  3064 | D:5      | Killed Eustachio
  3434 | D:6      | Found a blossoming altar of Fedhas.
  3484 | D:6      | Reached skill level 9 in Axes
  3512 | D:6      | Noticed a troll
  3521 | D:6      | Killed a troll
  3521 | D:6      | Reached skill level 1 in Throwing
  3742 | D:6      | Noticed Blork the orc
  3750 | D:6      | Killed Blork the orc
  3830 | D:6      | Found a runed translucent door.
  3836 | D:6      | Noticed Hyawatha's ghost (amateur DsAK)
  3853 | D:6      | Killed Hyawatha's ghost
  3853 | D:6      | Reached XP level 9. HP: 70/78 MP: 8/8
  4112 | D:7      | Noticed Harold
  4135 | D:7      | Killed Harold
  4135 | D:7      | Reached **** piety under Okawaru
  4135 | D:7      | Reached skill level 10 in Axes
  4160 | D:7      | Reached skill level 11 in Axes
  4521 | D:7      | Noticed Dowan
  4527 | D:7      | Noticed Duvessa
  4530 | D:7      | Killed Dowan
  4550 | D:7      | Killed Duvessa
  4651 | D:7      | Got a jewelled leather armour
  4670 | D:7      | Received a gift from Okawaru
  4674 | D:7      | Reached XP level 10. HP: 31/86 MP: 9/9
  4685 | D:7      | Identified the cursed +1 leather armour of a sewer {+Blink
                  | rPois MR++ Str-3} (You found it on level 7 of the Dungeon)
  5159 | D:8      | Reached skill level 12 in Axes
  5219 | D:8      | Found a sand-covered staircase.
  5233 | Ossuary  | Entered an ossuary
  5552 | D:8      | Found a snail-covered altar of Cheibriados.
  5584 | D:8      | Reached ***** piety under Okawaru
  5616 | D:8      | Noticed a two-headed hydra
  5632 | D:8      | Slain by a four-headed hydra

Levels and vault maps discovered:
D:1:      ldierk_walled_garden, layout_basic, minmay_shallow_snake_nest
D:2:      layout_basic, gammafunk_temple_overflow_wave, first_ration,
          serial_curves, eino_curves_02, eino_curves_03,
          chequers_ecumenical_altar_grove
D:3:      layout_rooms, lemuel_coloured_pillars_altar,
          nicolae_overflow_quartered_altars, serial_corexii_hall,
          chequers_hall_statues_wall_a, corexii_hall_statues_deadend
D:4:      layout_loops_ring, temple_green, uniq_sigmund, uniq_robin
D:5:      layout_basic, serial_shops,
          nicolae_shop_temple_entry_statues_fountains,
          minmay_misc_feat_more_columns, uniq_menkaure, uniq_eustachio,
          uniq_pikel
D:6:      layout_gridville, fedhas_altar_3, ebering_ghost_reflecting_pool,
          uniq_blork_the_orc
D:7:      layout_basic, serial_glass, glass_columns_b, glass_columns_b,
          kennysheep_generic_room_10, uniq_duvessa, uniq_harold
D:8:      layout_cave_pools, enter_ossuary_1, basic_altar, hangedman_ranch
          [blue_anna_fruit_fields]
Temple:   minmay_temple_curvy_branch

Skill      XL: |  1  2  3  4  5  6  7  8  9 10 |
---------------+-------------------------------+-----
Armour         | 4 5 6 7 |  7.8
Fighting       | 4 5 6 7 8 |  8.6
Axes           | 3 4 5 7 9 11 12 | 12.5
Shields        | 4 5 6 7 8 9 |  9.2
Dodging        | 1 2 3 |  3.3
Throwing       | 1 |  1.2
Stealth        | |  0.3
Invocations    | |  0.1

Action                   |  1- 3 |  4- 6 |  7- 9 | 10-12 || total
-------------------------+-------+-------+-------+-------++-------
Melee: War axe           |   103 |   130 |   227 |   152 ||   612
       Headbutt          |    10 |    19 |    42 |    29 ||   100
Throw: Dart              |       |     2 |     2 |     4 ||     8
Invok: Heroism           |       |       |     3 |     4 ||     7
 Abil: Evoke Blink       |       |       |       |     2 ||     2
  Use: Scroll            |       |     6 |     5 |     2 ||    13
       Potion            |       |       |     2 |       ||     2
  Eat: Chunk             |     1 |     3 |     2 |       ||     6
       Ration            |       |     1 |     1 |     1 ||     3
Armor: Scale mail        |    65 |    40 |       |       ||   105
       Chain mail        |       |     7 |    87 |       ||    94
       Leather armour    |       |       |       |    14 ||    14
       Troll leather arm |       |       |       |     3 ||     3
Dodge: Dodged            |    34 |    45 |    47 |    54 ||   180
       Deflected         |       |       |       |     1 ||     1
Block: Shield            |    55 |    78 |   136 |    87 ||   356
